 Dungeon Crawl Stone Soup version 0.24.1 (webtiles) character file.

Game seed: 8219088498638556037, levelgen mode: deterministic

1631 Descartes the Magician (level 8, 0/41 HPs)
             Began as a Deep Elf Air Elementalist on Apr 1, 2020.
             Was an Initiate of Ashenzari.
             Slain by an orc warrior
             ... wielding a +0 halberd
              (21 damage)
             ... on level 6 of the Dungeon on Apr 2, 2020.
             The game lasted 00:26:32 (8856 turns).

Descartes the Magician (Deep Elf Air Elementalist)  Turns: 8856, Time: 00:26:34

Health: 0/41       AC:  8    Str:  7    XL:     8   Next: 65%
Magic:  12/21      EV: 10    Int: 25    God:    Ashenzari [......]
Gold:   132        SH:  0    Dex: 15    Spells: 12/20 levels left

rFire    . . .     SeeInvis .   y - +2 dagger (protect)
rCold    . . .     Gourm    .   (no shield)
rNeg     . . .     Faith    .   A - +2 ring mail {MR+} (curse)
rPois    .         Spirit   .   (no helmet)
rElec    .         Reflect  .   v - scarf {repulsion} (curse)
rCorr    .         Harm     .   B - +0 pair of gloves (curse)
MR       +....                  (no boots)
Stlth    +++.......             (no amulet)
HPRegen  0.13/turn              (no ring)
MPRegen  0.17/turn              (no ring)

@: repel missiles
A: clever 1, high mp 1, strong 1
a: Curse Item, Renounce Religion


You were on level 6 of the Dungeon.
You worshipped Ashenzari.
Ashenzari was noncommittal.
You were not hungry.

You visited 2 branches of the dungeon, and saw 7 of its levels.

You collected 229 gold pieces.
You spent 97 gold pieces at shops.

Inventory:

Hand Weapons
 u - a +0 short sword of venom
 w - a +1 dagger of holy wrath
 x - a +3 hunting sling of flaming
 y - a +2 dagger of protection (weapon)
Missiles
 b - 160 stones
 d - 41 sling bullets
 f - 65 arrows
 g - 3 silver boomerangs
 C - 19 bolts
 D - 2 boomerangs (quivered)
Armour
 a - a +0 robe
 m - a +0 shield
 v - a cursed scarf of repulsion (worn)
 A - a cursed +2 ring mail of magic resistance (worn)
 B - a cursed +0 pair of gloves (worn)
Jewellery
 h - an uncursed ring of ice
Scrolls
 e - 3 scrolls of remove curse
 i - 5 scrolls of magic mapping
 n - a scroll of enchant armour {unknown}
 o - 7 scrolls of teleportation
 p - 2 scrolls of random uselessness {unknown}
 z - 3 scrolls of fear {unknown}
 G - a scroll of noise
 H - a scroll of vulnerability {unknown}
 J - a scroll of amnesia {unknown}
Potions
 j - a potion of resistance
 k - 2 potions of haste
 l - a potion of flight
 q - 2 potions of agility
 r - 2 potions of heal wounds
 s - 3 potions of lignification
 t - 2 potions of magic
Comestibles
 c - 5 rations
 I - 2 chunks of flesh


   Skills:
 * Level 3.6 Armour
 - Level 2.7 Dodging
 + Level 6.3 Stealth
 + Level 3.2 Shields
 + Level 6.5 Spellcasting
 + Level 4.9 Conjurations
 + Level 5.3 Air Magic


You had 12 spell levels left.
You knew the following spells:

 Your Spells              Type           Power        Failure   Level  Hunger
a - Shock                 Conj/Air       ####         2%          1    None
b - Airstrike             Air            #####.....   24%         4    ###....
c - Static Discharge      Conj/Air       ####....     9%          3    None

Your spell library contained the following spells:

 Spells                   Type           Power        Failure   Level  Hunger
 Swiftness                Chrm/Air       ###.....     12%         2    None
 Lightning Bolt           Conj/Air       ####......   58%         5    #####..
 Leda's Liquefaction      Hex/Erth       #.........   92%         4    ###....
 Conjure Ball Lightning   Conj/Air       ####......   99%         6    ######.


Dungeon Overview and Level Annotations

Branches:
Dungeon (6/15)             Temple (1/1) D:4

Altars:
Ashenzari
Cheibriados
Elyvilon
Fedhas
Hepliaklqana
Kikubaaqudgha
Makhleb
Nemelex Xobeh
Okawaru
Qazlal
Ru
Sif Muna
Trog
Uskayaw
Vehumet
Xom
Yredelemnul
Zin
The Shining One

Shops:
D:5 *

Annotations:
D:3 1 runed translucent door, kandel6's ghost, amateur OpEE
D:4 Grinder


Innate Abilities, Weirdness & Mutations

Your mind is acute. (Int +2)
You have an increased reservoir of magic. (+10% MP)
Your muscles are strong. (Str +2)


Message History

Casting: Shock (safe; 2% risk of failure)
Confirm with . or Enter, or press ? or * to list all spells.
Aiming: Shock (safe; 2% risk of failure)
Press: ? - help, Shift-Dir - straight line The zap hits the orc warrior.
The orc warrior is moderately wounded.
The zap hits the orc warrior.
The orc warrior is heavily wounded.
The orc warrior hits you from afar with a +0 halberd.
Casting: Shock (safe; 2% risk of failure)
Confirm with . or Enter, or press ? or * to list all spells.
Aiming: Shock (safe; 2% risk of failure)
Press: ? - help, Shift-Dir - straight line The zap hits the orc warrior!
The orc warrior is severely wounded.
The zap hits the orc warrior.
The orc warrior is severely wounded.
The orc warrior hits you from afar with a +0 halberd!!
Ouch! That really hurt!
You die...

# ..# ..# ..# #.#### ###..
###....# o... #.# #...##.#
#.. ...# #.##....#.####.#
#..# ....._......#.# #..#
#.#....##@)o.# #..#
#.##...##.##.# #..#
#....####.#.....####..####
####.####..###.)..o.......
# #......# #.#.###.####
#.# #.#.##.# .#%###)####
#...###......# #. #.....[
#....######.###. #.
#.###.# ####.# #....
#.##)# #.#


You could see an orc warrior.

Vanquished Creatures
  3 ogres
  A centaur (D:5)
  A bullfrog (D:5)
  8 scorpions (D:5)
  A centaur zombie (D:6)
  2 hounds
  A bullfrog skeleton (D:6)
  A centaur skeleton (D:5)
  4 orc priests
  6 orc wizards
  Jessica (D:2)
  Natasha (D:4)
  An iguana (D:6)
  4 worker ants
  Robin (D:3)
  3 gnolls (D:2)
  9 adders
  An adder zombie (D:5)
  2 worms (D:3)
  2 dart slugs (D:1)
  4 leopard geckos
  21 orcs
  2 ball pythons
  10 bats
  2 giant cockroaches
  10 goblins
  9 hobgoblins
  7 quokkas
  5 frilled lizards
  A jackal skeleton (D:4)
  8 kobolds
  A leopard gecko skeleton (D:5)
  8 rats
  4 fungi (D:5)
145 creatures vanquished.

Vanquished Creatures (others)
  2 fungi (D:5)
2 creatures vanquished.

Grand Total: 147 creatures vanquished

Notes
Turn   | Place    | Note
-------+----------+-------------------------------------------
     0 | D:1      | Descartes the Deep Elf Air Elementalist began the quest for
                  | the Orb.
     0 | D:1      | Reached XP level 1. HP: 10/10 MP: 6/6
   375 | D:1      | Reached XP level 2. HP: 12/15 MP: 4/8
  1009 | D:2      | Noticed Jessica
  1012 | D:2      | Killed Jessica
  1012 | D:2      | Reached skill level 1 in Shields
  1012 | D:2      | Reached XP level 3. HP: 19/19 MP: 4/9
  1503 | D:2      | Reached XP level 4. HP: 24/24 MP: 6/11
  2032 | D:2      | Found an iron altar of Okawaru.
  2275 | D:3      | Noticed Robin
  2487 | D:3      | Found a runed translucent door.
  2487 | D:3      | Noticed kandel6's ghost (amateur OpEE)
  2770 | D:3      | Reached XP level 5. HP: 23/28 MP: 3/12
  3315 | D:3      | Killed Robin
  4244 | D:4      | Noticed an ogre
  4252 | D:4      | Noticed Grinder
  4255 | D:4      | Killed an ogre
  4255 | D:4      | Reached XP level 6. HP: 14/32 MP: 4/14
  4606 | D:4      | Identified the Catalogue of the Louse
  4961 | D:4      | Found a staircase to the Ecumenical Temple.
  4971 | Temple   | Entered the Ecumenical Temple
  5134 | Temple   | Became a worshipper of Ashenzari the Shackled
  5370 | D:4      | Noticed Natasha
  5375 | D:4      | Killed Natasha
  5375 | D:4      | Reached skill level 1 in Armour
  5425 | D:5      | Entered Level 5 of the Dungeon
  5809 | D:5      | Learned a level 4 spell: Airstrike
  5813 | D:5      | Learned a level 3 spell: Static Discharge
  5821 | D:5      | Reached XP level 7. HP: 36/36 MP: 8/16
  6025 | D:5      | Reached skill level 5 in Spellcasting
  6130 | D:5      | Found Tokhuq's General Store.
  6133 | D:5      | Bought a scroll of noise for 13 gold pieces
  6133 | D:5      | Bought a scroll of magic mapping for 45 gold pieces
  6133 | D:5      | Bought a scroll of teleportation for 39 gold pieces
  6253 | D:5      | Reached skill level 5 in Stealth
  6588 | D:5      | Found a burning altar of Makhleb.
  7072 | D:5      | Reached XP level 8. HP: 41/41 MP: 13/18
  7406 | D:5      | Found the +7 Singing Sword {slice, sonic wave}
  7557 | D:5      | Reached skill level 5 in Air Magic
  8795 | D:5      | Gained mutation: Your muscles are strong. (Str +2) [potion
                  | of mutation]
  8795 | D:5      | Gained mutation: Your mind is acute. (Int +2) [potion of
                  | mutation]
  8795 | D:5      | Gained mutation: You have an increased reservoir of magic.
                  | (+10% MP) [potion of mutation]
  8825 | D:6      | Found a hazy altar of Hepliaklqana.
  8856 | D:6      | Slain by an orc warrior

Levels and vault maps discovered:
D:1:      dpeg_arrival_leaves_temple_mockup, layout_basic,
          minmay_misc_feat_room, minmay_tromino_v4_a
D:2:      layout_loops_ring, first_ration, minmay_misc_feat_cross,
          okawaru_altar_gauntlet_db, uniq_jessica
D:3:      layout_basic, gammafunk_ghost_grave, uniq_robin
D:4:      cheibrodos_old_hovel, layout_cave_pools,
          minmay_temple_entry_drinking_statues, chequers_serial_rivers_small_3,
          uniq_grinder, uniq_natasha
D:5:      old_forge, layout_basic, lemuel_doored_altar, serial_shops,
          kennysheep_mini
D:6:      layout_loops_ring, chequers_temple_overflow_minitemple,
          nicolae_overflow_crystal_walls
Temple:   eino_temple_scatter_basement

Skill      XL: |  1  2  3  4  5  6  7  8 |
---------------+-------------------------+-----
Stealth        | 3 4 5 6 |  6.3
Shields        | 1 2 3 |  3.2
Conjurations   | 2 3 4 |  4.9
Spellcasting   | 4 5 6 |  6.5
Air Magic      | 4 5 |  5.3
Armour         | 1 2 3 |  3.6
Dodging        | |  2.7

Action                   |  1- 3 |  4- 6 |  7- 9 || total
-------------------------+-------+-------+-------++-------
Melee: Dagger            |       |       |    55 ||    55
 Cast: Shock             |    56 |   202 |   193 ||   451
Invok: Curse Item        |       |     2 |     1 ||     3
  Use: Scroll            |       |     7 |     2 ||     9
       Potion            |       |     1 |     1 ||     2
 Stab: Sleeping          |       |       |     1 ||     1
  Eat: Chunk             |     2 |     7 |     8 ||    17
       Ration            |       |     2 |       ||     2
Armor: Robe              |     1 |     6 |       ||     7
       Ring mail         |       |     6 |    38 ||    44
Dodge: Dodged            |     9 |    29 |    31 ||    69
       Deflected         |       |     3 |     2 ||     5
